 Dungeon Crawl Stone Soup version 0.23.0-3-gf3c87f2 (webtiles) character file.

Game seed: 15387549252213768733

2571761 Ijustatesigmund the Victor of a Thousand Battles (level 27, 294/294 HPs)
             Began as a Hill Orc Fighter on Feb 19, 2019.
             Was the Champion of Okawaru.
             Escaped with the Orb
             ... and 4 runes on Feb 21, 2019!
             The game lasted 03:45:21 (64122 turns).

Ijustatesigmund (HOFi)                             Turns: 64122, Time: 03:45:22

Health: 294/294    AC: 34    Str: 24      XL:     27
Magic:  48/48      EV: 30    Int:  7 (10) God:    Okawaru [******]
Gold:   3116       SH: 14    Dex: 25      Spells: 20/26 levels left

rFire    + + +     SeeInvis .   r - +11 broad axe of Integrity {speed, *Drain rPois MR+}
rCold    . . .     Gourm    .   i - +3 buckler "Duse" {rF++ Int+2}
rNeg     + . .     Faith    .   h - +4 fire dragon scales
rPois    +         Spirit   .   M - +2 hat "Polierim" {+Fly rF- Regen+}
rElec    +         Reflect  +   H - +0 cloak of Grace {rElec rN+ Regen+}
rCorr    +         Harm     .   j - +1 pair of gloves of Too Many Cooks {rPois Dex-2 Slay+3}
MR       ++++.                  O - +2 pair of boots {run}
Stlth    +.........             B - amulet "Hoitt" {Reflect MP+9 Dex+7 SH+2}
HPRegen  0.00/turn              m - ring of Kokelaol {rCorr rC+ MR+}
MPRegen  0.31/turn              C - +2 ring of slaying

@: flying, quick
A: horns 1, molten scales 1, rugged brown scales 1, thin skeletal structure 1,
robust 1, screaming 1, inhibited regeneration
0: Orb of Zot
}: 4/15 runes: barnacled, slimy, silver, gossamer
a: Heroism, Finesse, Renounce Religion


You escaped.
You worshipped Okawaru.
Okawaru was exalted by your worship.
You were not hungry.

You visited 16 branches of the dungeon, and saw 66 of its levels.
You visited Pandemonium 1 time, and saw 3 of its levels.
You visited the Abyss 2 times.
You also visited: Bailey.

You collected 9250 gold pieces.
You spent 6134 gold pieces at shops.

Inventory:

Hand Weapons
 r - the +11 broad axe of Integrity (weapon) {speed, *Drain rPois MR+}
   (You acquired it on level 14 of the Dungeon)

   Attacks with this weapon are significantly faster.
   It protects you from poison.
   It affects your resistance to hostile enchantments.
   It causes draining when unequipped.
Missiles
 D - 61 javelins (quivered)
Armour
 h - +4 fire dragon scales (worn)
 i - the +3 buckler "Duse" (worn) {rF++ Int+2}
   (You bought it in a shop on level 3 of the Shoals)

   It affects your intelligence (+2).
   It greatly protects you from fire.
 j - the +1 pair of gloves of Too Many Cooks (worn) {rPois Dex-2 Slay+3}
   (You acquired it on level 2 of the Depths)

   It affects your dexterity (-2).
   It affects your accuracy and damage with ranged weapons and melee attacks
   (+3).
   It protects you from poison.
 l - a +2 helmet of intelligence
 x - the +0 cloak "Senomi" {*Contam rN+++ Regen+ Stlth-}
   (You bought it in a shop on level 3 of the Shoals)

   It renders you almost immune to negative energy.
   It causes magical contamination when unequipped.
   It increases your rate of regeneration.
   It makes you less stealthy.
 E - the +4 skin of Zhor {Hibernate rC+++ SInv}
   (You took it off an orc on level 7 of the Dungeon)

   It renders you almost immune to cold.
   It lets you see invisible.
 H - the +0 cloak of Grace (worn) {rElec rN+ Regen+}
   (You acquired it in a bailey)

   It insulates you from electricity.
   It protects you from negative energy.
   It increases your rate of regeneration.
 J - the +7 plate armour of Amorality {Str+3}
   (You acquired it on level 2 of the Vaults)

   It affects your strength (+3).
 M - the +2 hat "Polierim" (worn) {+Fly rF- Regen+}
   (You found it on level 1 of the Spider Nest)

   It makes you vulnerable to fire.
   It lets you fly.
   It increases your rate of regeneration.
 O - a +2 pair of boots of running (worn)
Jewellery
 a - the ring of Light {rPois Str+5 Int+6 SInv}
   (You bought it in a shop on level 5 of the Vaults)

   [ring of see invisible]

   It affects your strength (+5).
   It affects your intelligence (+6).
   It protects you from poison.
   It lets you see invisible.
 g - a ring of the Octopus King {AC+1 EV+1 Str+1 Int+1 Dex+1 Stlth+}
   (You bought it in a shop on level 2 of the Orcish Mines)

   [ring of stealth]

   It affects your AC (+1).
   It affects your evasion (+1).
   It affects your strength (+1).
   It affects your intelligence (+1).
   It affects your dexterity (+1).
   It makes you more stealthy.
 m - the ring of Kokelaol (left hand) {rCorr rC+ MR+}
   (You bought it in a shop on level 5 of the Vaults)

   [ring of resist corrosion]

   It protects you from cold.
   It affects your resistance to hostile enchantments.
 B - the amulet "Hoitt" (around neck) {Reflect MP+9 Dex+7 SH+2}
   (You found it on level 5 of the Pits of Slime)

   [amulet of reflection]

   It shields you and reflects attacks.
   It affects your dexterity (+7).
   It affects your magic capacity (+9).
   It affects your SH (+2).
 C - a +2 ring of slaying (right hand)
 G - an uncursed ring of protection from fire
Wands
 c - a wand of paralysis (23)
 d - a wand of iceblast (27)
 e - a wand of scattershot (12)
 v - a wand of polymorph (13)
 z - a wand of acid (33)
 K - a wand of digging (10)
 Z - a wand of disintegration (9)
Scrolls
 n - 21 scrolls of remove curse
 p - 2 scrolls of amnesia
 s - 11 scrolls of fog
 w - 4 scrolls of immolation
 y - 8 scrolls of identify
 A - 2 scrolls of blinking
 I - 3 scrolls of teleportation
 L - 2 scrolls of silence
 Q - a scroll of brand weapon
 R - 3 scrolls of enchant armour
 V - 11 scrolls of magic mapping
 W - 2 scrolls of holy word
 X - a scroll of fear
Potions
 k - 13 potions of brilliance
 o - 7 potions of flight
 q - 12 potions of curing
 t - 6 potions of agility
 u - 4 potions of cancellation
 F - 8 potions of might
 N - a potion of mutation
 P - 6 potions of haste
 S - a potion of ambrosia
 T - 4 potions of berserk rage
 U - 8 potions of heal wounds
 Y - 6 potions of resistance
Comestibles
 f - 60 rations


   Skills:
 - Level 24.2 Fighting
 - Level 22.9 Axes
 - Level 22.1 Armour
 + Level 21.3 Dodging
 - Level 12.4 Shields
 - Level 11.4 Translocations
 - Level 25.7 Invocations
 + Level 19.0 Evocations


You had 20 spell levels left.
You knew the following spells:

 Your Spells              Type           Power        Failure   Level  Hunger
a - Apportation           Tloc           ###...       1%          1    ##.....
b - Blink                 Tloc           N/A          1%          2    ###....
c - Lesser Beckoning      Tloc           ###.......   2%          3    ####...

Your spell library contained the following spells:

 Spells                   Type           Power        Failure   Level  Hunger
 Gell's Gravitas          Tloc           ###.......   2%          3    ####...
 Teleport Other           Tloc           ###.....     2%          3    ####...
 Shroud of Golubria       Chrm/Tloc      #.........   12%         2    ###....
 Recall                   Summ/Tloc      N/A          24%         3    ####...
 Animate Skeleton         Necr           N/A          63%         1    ##.....
 Confusing Touch          Hex            #.....       63%         1    ##.....
 Flame Tongue             Conj/Fire      #....        63%         1    ##.....
 Magic Dart               Conj           #...         63%         1    ##.....
 Pain                     Necr           #...         63%         1    ##.....
 Sandblast                Erth           #.....       63%         1    ##.....
 Shock                    Conj/Air       #...         63%         1    ##.....
 Summon Butterflies       Summ           #.......     63%         1    ##.....
 Summon Small Mammal      Summ           #...         63%         1    ##.....
 Force Lance              Conj/Tloc      #.......     63%         4    #####..
 Call Imp                 Summ           #.......     77%         2    ###....
 Corpse Rot               Necr           N/A          77%         2    ###....
 Ensorcelled Hibernation  Hex/Ice        #.....       77%         2    ###....
 Passwall                 Tmut/Erth      #.......     77%         2    ###....
 Poisonous Vapours        Pois/Air       #.....       77%         2    ###....
 Searing Ray              Conj           #.....       77%         2    ###....
 Sublimation of Blood     Necr           #.........   77%         2    ###....
 Swiftness                Chrm/Air       #.......     77%         2    ###....
 Throw Flame              Conj/Fire      #.....       77%         2    ###....
 Throw Frost              Conj/Ice       #.....       77%         2    ###....
 Dispersal                Tloc           ###.......   77%         6    #######
 Summon Forest            Summ/Tloc      #.........   92%         5    ######.
 Call Canine Familiar     Summ           #.......     94%         3    ####...
 Confuse                  Hex            #.......     94%         3    ####...
 Conjure Flame            Conj/Fire      #.......     94%         3    ####...
 Dazzling Spray           Conj/Hex       #.....       94%         3    ####...
 Ignite Poison            Fire/Tmut/Pois #.......     94%         3    ####...
 Inner Flame              Hex/Fire       #.......     94%         3    ####...
 Mephitic Cloud           Conj/Pois/Air  #.......     94%         3    ####...
 Regeneration             Chrm/Necr      #.........   94%         3    ####...
 Static Discharge         Conj/Air       #.......     94%         3    ####...
 Stone Arrow              Conj/Erth      #.....       94%         3    ####...
 Summon Guardian Golem    Hex/Summ       #.......     94%         3    ####...
 Tukima's Dance           Hex            #.......     94%         3    ####...
 Vampiric Draining        Necr           #.........   94%         3    ####...
 Airstrike                Air            #.........   100%        4    #####..
 Animate Dead             Necr           N/A          100%        4    #####..
 Cause Fear               Hex            #.........   100%        4    #####..
 Fulminant Prism          Conj/Hex       #.........   100%        4    #####..
 Ice Form                 Ice/Tmut       #.......     100%        4    #####..
 Iskenderun's Mystic Bla  Conj           #.......     100%        4    #####..
 Petrify                  Tmut/Erth      #.......     100%        4    #####..
 Sticky Flame             Conj/Fire      #.......     100%        4    #####..
 Summon Ice Beast         Ice/Summ       #.......     100%        4    #####..
 Summon Lightning Spire   Summ/Air       #.......     100%        4    #####..
 Throw Icicle             Conj/Ice       #.......     100%        4    #####..
 Agony                    Necr           #.......     100%        5    ######.
 Alistair's Intoxication  Tmut/Pois      #.......     100%        5    ######.
 Aura of Abjuration       Summ           #.........   100%        5    ######.
 Bolt of Draining         Conj/Necr      #.........   100%        5    ######.
 Bolt of Magma            Conj/Fire/Erth #.........   100%        5    ######.
 Borgnjor's Vile Clutch   Necr/Erth      #.........   100%        5    ######.
 Dispel Undead            Necr           #.......     100%        5    ######.
 Excruciating Wounds      Chrm/Necr      #.........   100%        5    ######.
 Fireball                 Conj/Fire      #.........   100%        5    ######.
 Irradiate                Conj/Tmut      #.........   100%        5    ######.
 Iskenderun's Battlesphe  Conj/Chrm      #.......     100%        5    ######.
 Lee's Rapid Deconstruct  Erth           #.........   100%        5    ######.
 Lightning Bolt           Conj/Air       #.........   100%        5    ######.
 Metabolic Englaciation   Hex/Ice        #.........   100%        5    ######.
 Silence                  Hex/Air        #.........   100%        5    ######.
 Summon Demon             Summ           #.........   100%        5    ######.
 Summon Mana Viper        Hex/Summ       #.......     100%        5    ######.
 Venom Bolt               Conj/Pois      #.........   100%        5    ######.
 Yara's Violent Unravell  Hex/Tmut       #.........   100%        5    ######.
 Bolt of Cold             Conj/Ice       #.........   100%        6    #######
 Bolt of Fire             Conj/Fire      #.........   100%        6    #######
 Conjure Ball Lightning   Conj/Air       #.........   100%        6    #######
 Darkness                 Hex            #.........   100%        6    #######
 Deflect Missiles         Chrm/Air       #.........   100%        6    #######
 Freezing Cloud           Conj/Ice/Air   #.........   100%        6    #######
 Invisibility             Hex            #.......     100%        6    #######
 Iron Shot                Conj/Erth      #.........   100%        6    #######
 Ozocubu's Refrigeration  Ice            #.........   100%        6    #######
 Poison Arrow             Conj/Pois      #.........   100%        6    #######
 Shadow Creatures         Summ           N/A          100%        6    #######
 Simulacrum               Ice/Necr       #.........   100%        6    #######
 Malign Gateway           Summ/Tloc      #.........   100%        7    #######
 Monstrous Menagerie      Summ           #.........   100%        7    #######
 Orb of Destruction       Conj           #.........   100%        7    #######
 Ring of Flames           Chrm/Fire      #.........   100%        7    #######
 Spellforged Servitor     Conj/Summ      #.........   100%        7    #######
 Summon Greater Demon     Summ           #.........   100%        7    #######
 Summon Hydra             Summ           #.........   100%        7    #######
 Chain Lightning          Conj/Air       #.........   100%        8    #######
 Discord                  Hex            #.........   100%        8    #######
 Disjunction              Tloc           ###.......   100%        8    #######
 Ignition                 Fire           #.........   100%        8    #######
 Lehudib's Crystal Spear  Conj/Erth      #.........   100%        8    #######
 Summon Horrible Things   Summ           #.........   100%        8    #######
 Fire Storm               Conj/Fire      #.........   100%        9    #######
 Glaciate                 Conj/Ice       #.........   100%        9    #######
 Tornado                  Air            #.........   100%        9    #######
 Passage of Golubria      Tloc           Unusable     N/A         4    N/A

Dungeon Overview and Level Annotations

Branches:
Dungeon (15/15)            Temple (1/1) D:6            Lair (6/6) D:11
 Shoals (4/4) Lair:3       Spider (4/4) Lair:4        Slime (5/5) Lair:6
    Orc (2/2) D:11            Elf (3/3) Orc:2        Vaults (5/5) D:13
  Crypt (0/3) Vaults:2     Depths (5/5) D:15           Hell (1/1)
    Dis (1/7) Hell            Geh (7/7) Hell            Coc (1/7) Hell
    Tar (1/7) Hell            Zot (5/5) Depths:5

Altars:
Ashenzari
Cheibriados
Dithmenos
Elyvilon
Fedhas
Gozag
Hepliaklqana
Kikubaaqudgha
Makhleb
Nemelex Xobeh
Okawaru
Qazlal
Ru
Sif Muna
Trog
Uskayaw
Vehumet
Wu Jian
Xom
Yredelemnul
Zin
The Shining One
Jiyva
Lugonu

Shops:
D:15 %   Orc:2 [(*=   Elf:3 :   Shoals:1 [   Shoals:2 *   Shoals:3 =[
Vaults:1 !   Vaults:2 !   Vaults:3 !!=   Vaults:5 =[!   Depths:2 (%(
Depths:5 (

Portals:
Hell: Depths:1 Depths:2 Depths:3 Depths:4 Depths:5
Abyss: Depths:4
Pandemonium: Depths:1 Depths:3 Depths:4
Ziggurat: Depths:1

Annotations:
Elf:2 2 runed translucent doors


Innate Abilities, Weirdness & Mutations

You have a pair of small horns on your head.
You are partially covered in molten scales. (AC +2)
You are partially covered in rugged brown scales. (AC +1, +3% HP)
You have a somewhat thin skeletal structure. (Dex +2, Stealth)
You are robust. (+10% HP)
You occasionally shout uncontrollably at your foes.
You do not regenerate when monsters are visible.


Message History

You climb upwards.
There is a stone staircase leading down here.
Evoke which item? (* to show all) (? for menu, Esc to quit)
Aiming: Dig
Press: ? - help, Shift-Dir - straight line A rock wall.
This square is covered in magical glow.
The rock shatters into small pieces.
You see here a +0 club.
You see here a +0 club.
A neqoxec comes into view.
You enter the shallow water.
Moving in this stuff is going to be slow.
There is a staircase leading out of the dungeon here.
You feel very buoyant.
You fly up into the air.
The neqoxec gestures at you.
You feel dopey. Something feeds on your intellect!
You have escaped!

....# #.#÷####..................
.#######.#.#.....##....##........
.###............3#.....##........
........########.########........
........#≈≈≈≈§≈≈.≈≈≈≈≈§§##....#.#
........#≈≈≈§§.....≈≈§≈§#........
........#≈§....≈≈≈...§≈§#........
####....#§...≈≈≈.≈≈≈...≈#........
..##....#≈..≈≈≈.@..≈≈..≈#........
..##....#§...≈≈≈.≈≈≈...≈#........
........#≈≈....≈≈≈....≈≈#........
..#######≈≈§≈≈.....§§≈§≈####.####
..# #≈≈≈≈≈≈≈≈≈≈≈§§≈≈# #.#
..####################### #.#
..............#....## #.#
###........#######..# #.#
##.......### ##.## #.#


You could see a neqoxec.

Vanquished Creatures
  the Royal Jelly (Slime:5)
  Dissolution (Slime:3)
  6 orbs of fire (Zot:5)
  6 ancient liches
  Mennas (Pan)
  3 juggernauts (Depths:5)
  The ghost of wilo the Conqueror, a master MfBe of Trog (Zot:3)
  Sojobo (Depths:5)
  Boris (twice) (Depths:5 Vaults:5)
  6 Killer Klowns
  A caustic shrike (Depths:2)
  Geryon (Hell)
  9 golden dragons
  Arachne (Spider:3)
  A bone dragon (Dis:1)
  2 electric golems (Zot:5)
  2 Brimstone Fiends
  A Hell Sentinel (Pan)
  6 liches
  26 tentacled monstrosities
  A pandemonium lord (D:15)
  25 Orb Guardians (Zot:5)
  4 quicksilver dragons
  2 deep elf blademasters (Elf:3)
  4 titans
  An Executioner (Pan)
  2 krakens
  3 tentacled starspawn (Depths:4)
  19 acid blobs
  Kirke (Spider:2)
  3 death cobs
  A sphinx (Depths:2)
  15 storm dragons
  The ghost of Viocziel the Brawler, an adept TrMo of Nemelex Xobeh (Depths:1)
  19 shadow dragons
  10 tengu reavers
  Donald (Elf:3)
  The ghost of Kan Jonn the Severer, an adept HOFi of Beogh (Spider:3)
  Roxanne (Elf:3)
  8 draconian monks
  A blood saint (Pan)
  11 azure jellies
  11 fire giants
  2 cacodemons (Hell)
  7 deep elf sorcerers (Elf:3)
  Louise (Elf:2)
  12 vault wardens
  An orc warlord (Bailey)
  Ilsuiw (Shoals:3)
  5 draconian scorchers
  4 balrugs
  10 draconian shifters
  4 draconian knights
  A curse skull (Vaults:2)
  5 ghost moths (Spider:4)
  8 draconian stormcallers
  3 iron dragons
  16 frost giants
  4 emperor scorpions
  A warmonger (Pan)
  4 deep elf elementalists
  6 spriggan defenders
  13 very ugly things
  14 reapers
  3 entropy weavers
  An entropy weaver (shapeshifter) (Elf:3)
  9 draconian annihilators
  2 war gargoyles (Vaults:5)
  2 caustic shrike skeletons (Depths:1)
  19 stone giants
  3 vampire knights
  18 ironheart preservers
  The ghost of MirrMurr the Unseen, a journeyman SpEn of Wu Jian (Spider:1)
  Nessos (D:13)
  9 green draconians
  16 white draconians
  6 deep elf demonologists
  10 deep elf annihilators
  21 purple draconians
  7 lorocyprocas
  18 black draconians
  6 spark wasps
  16 red draconians
  12 yellow draconians
  17 ettins
  11 deep elf death magi
  A crystal guardian (Vaults:4)
  5 blizzard demons
  A green death (Depths:5)
  2 quicksilver dragon zombies
  4 merfolk javelineers
  9 death oozes
  7 merfolk impalers
  12 ice dragons
  11 great orbs of eyes
  9 deep elf high priests
  18 fire dragons
  3 rakshasas
  20 yaktaur captains
  2 kraken zombies (Hell)
  Harold (D:9)
  A hydra (shapeshifter) (Vaults:5)
  A caustic shrike simulacrum (Depths:1)
  43 vault guards
  5 spriggan air magi
  A merfolk avatar (Shoals:3)
  3 monstrous demonspawn
  12 hydras
  A juggernaut simulacrum (Depths:1)
  An alligator snapping turtle (Shoals:2)
  A satyr (Shoals:4)
  A catoblepas (D:14)
  10 centaur warriors
  15 ogre magi
  The ghost of poirepourri the Severer, a novice DDFi of Makhleb (D:9)
  19 hell hogs
  7 tengu warriors
  2 vampire magi (Vaults:2)
  30 dancing weapons
  39 two-headed ogres
  6 death yaks (Lair:4)
  A deep troll shaman (Depths:2)
  A thrashing horror (Depths:4)
  7 merfolk aquamancers
  A small abomination (Elf:3)
  A titan zombie (Geh:1)
  2 orc high priests
  3 soul eaters
  2 storm dragon zombies
  7 spriggan berserkers
  2 wretched stars (Depths:4)
  29 deep elf knights
  17 sun demons
  4 shadow wraiths
  14 skeletal warriors
  A ghost moth zombie (Geh:7)
  29 hell knights
  3 storm dragon skeletons
  A sixfirhy (Hell)
  9 deep trolls
  5 glowing orange brains
  An infernal demonspawn (Pan)
  9 sea snakes
  A gelid demonspawn (Pan)
  2 anaconda zombies (Hell)
  A shadow demon (Dis:1)
  4 unseen horrors
  3 golden dragon zombies
  An unseen horror (shapeshifter) (Depths:1)
  2 swamp dragons (shapeshifter) (Vaults:5)
  An anaconda skeleton (Geh:5)
  A shadow dragon zombie (Dis:1)
  2 wizards
  19 deep elf archers
  A kraken simulacrum (Shoals:4)
  16 ironbrand convokers
  A lindwurm (Lair:6)
  2 wolf spider zombies
  6 phantasmal warriors
  2 flayed ghosts
  A golden dragon skeleton (Geh:5)
  6 harpies
  31 wolf spiders
  A fire giant zombie (Depths:1)
  2 shining eyes (Slime:5)
  4 frost giant zombies
  63 deep elf magi
  21 necromancers
  2 oklob plants (Lair:2)
  11 orc knights
  An iron dragon zombie (Depths:1)
  40 ugly things
  4 stone giant zombies
  11 manticores
  12 orb spiders
  2 mana vipers (shapeshifter)
  A faun (Shoals:3)
  A sphinx skeleton (Depths:1)
  6 large abominations
  2 cyclopes (shapeshifter)
  2 salamanders (Depths:4)
  An iron dragon skeleton (Geh:6)
  5 orc sorcerers
  23 moths of wrath
  A salamander (shapeshifter) (Depths:4)
  6 merfolk sirens
  18 cyclopes
  2 worldbinders
  An elephant (shapeshifter) (Depths:5)
  8 water nymphs
  2 frost giant skeletons
  6 black mambas
  A dire elephant zombie (Geh:6)
  Maurice (D:9)
  5 stone giant skeletons
  2 gargoyles
  5 rust devils
  7 smoke demons
  Joseph (D:15)
  An eye of devastation (Slime:3)
  10 torpor snails
  An ice statue (Hell)
  An orange demon (Hell)
  A storm dragon simulacrum (Depths:1)
  A human zombie (Vaults:4)
  3 molten gargoyles
  18 vault sentinels
  6 spiny frogs
  A dire elephant skeleton (Geh:5)
  14 hellions
  6 freezing wraiths
  A kobold demonologist (D:12)
  A rime drake (Lair:6)
  4 yaktaur zombies
  5 komodo dragons
  A minotaur zombie (Geh:6)
  5 hydra zombies
  6 efreet
  A komodo dragon (shapeshifter) (D:13)
  4 ice devils
  10 demonic crawlers
  40 yaktaurs
  2 human skeletons (Vaults:2)
  7 trolls
  17 red devils
  15 tormentors
  2 catoblepas skeletons
  9 polar bears (Lair:6)
  A wind drake (shapeshifter) (Vaults:3)
  5 hellwings
  A merfolk (shapeshifter) (Vaults:5)
  A yaktaur skeleton (Vaults:2)
  4 tengu conjurers
  30 merfolk
  7 tyrant leeches
  The ghost of Esekla the Cutter, a novice SpSk of Vehumet (D:6)
  32 jumping spiders
  A jumping spider (shapeshifter) (Depths:1)
  2 tengu simulacra
  A hornet (shapeshifter) (Elf:3)
  A raiju (shapeshifter) (Depths:1)
  8 wind drakes
  4 hydra skeletons
  25 hornets
  2 raiju (Lair:6)
  A blink frog (shapeshifter) (Elf:2)
  11 blink frogs
  A deep troll zombie (Depths:1)
  A fire dragon zombie (Depths:1)
  A harpy skeleton (Dis:1)
  14 hippogriffs
  4 dream sheep (Shoals:1)
  87 slime creatures
  2 ice dragon zombies
  The ghost of Uhlv the Skirmisher, an amateur KoAK of Lugonu (D:6)
  A dream sheep (shapeshifter) (Vaults:5)
  4 snapping turtles
  3 human simulacra (Vaults:2)
  3 stone giant simulacra
  98 redbacks
  4 ettin zombies
  23 tarantellas
  12 water elementals
  5 ettin skeletons
  7 shadows
  5 spriggan skeletons (Depths:1)
  32 flying skulls
  2 hogs (Spider:2)
  11 yaks
  3 air elementals
  3 fire dragon skeletons
  2 ice dragon skeletons
  A wyvern (Lair:4)
  An alligator skeleton (Geh:2)
  A deep troll skeleton (Depths:1)
  9 wraiths
  2 vampires
  4 ynoxinuls
  A fire bat (shapeshifter) (Vaults:1)
  2 spriggan simulacra (Depths:1)
  A hog (shapeshifter) (Vaults:3)
  3 hungry ghosts
  8 golden eyes
  5 yaktaur simulacra
  41 fire elementals
  A steam dragon (D:13)
  2 chaos spawn
  A neqoxec (Pan)
  7 vampire mosquitoes
  5 swamp worms (Lair:4)
  2 acid dragons
  10 wargs
  2 spiny frog zombies
  An acid dragon (shapeshifter) (Vaults:5)
  15 water moccasins
  34 hell hounds
  5 porcupines
  The ghost of Karim the Skirmisher, an amateur OgAs (D:3)
  5 ice beasts
  38 orc warriors
  A snapping turtle zombie (Geh:6)
  2 sky beasts
  3 phantoms
  6 necrophages
  An ettin simulacrum (Depths:1)
  14 black bears
  A manticore zombie (Geh:5)
  4 eyes of draining
  52 ogres
  14 boggarts
  An orc zombie (Vaults:2)
  5 centaurs
  An elf skeleton (Vaults:4)
  22 wolves
  A snapping turtle skeleton (Geh:6)
  2 big kobolds
  10 crocodiles
  27 bullfrogs
  An earth elemental (Elf:1)
  5 scorpions
  A wyvern skeleton (D:7)
  11 killer bees
  44 wights
  4 electric eels
  4 howler monkeys
  7 jellies
  9 crimson imps
  A quasit (Depths:3)
  5 starcursed masses (Abyss:3)
  3 bullfrog zombies
  6 centaur zombies
  3 bullfrog skeletons
  9 hounds
  7 centaur skeletons
  20 orc priests
  8 iron imps
  24 orc wizards
  Natasha (D:3)
  2 iguanas
  7 hell rats (Lair:6)
  10 worker ants
  A shapeshifter simulacrum (Depths:1)
  A naga zombie (Geh:6)
  A bullfrog simulacrum (D:9)
  A hound skeleton (D:4)
  A worker ant zombie (D:10)
  Robin (D:3)
  7 gnolls
  A howler monkey skeleton (D:6)
  10 adders
  11 shadow imps
  3 white imps (D:9)
  6 oozes
  2 adder zombies
  5 worms
  2 adder skeletons
  2 dart slugs (D:1)
  10 leopard geckos
  96 orcs
  2 ball pythons
  4 giant cockroaches
  15 goblins
  15 hobgoblins
  21 jackals
  7 quokkas
  4 bats
  7 frilled lizards
  39 kobolds
  A quokka simulacrum (D:9)
  5 rats
  A crawling corpse (Elf:3)
  6 fungi
  7 plants
  13 tentacles
2925 creatures vanquished.

Vanquished Creatures (collateral kills)
  A wizard (D:14)
1 creature vanquished.

Vanquished Creatures (others)
  A deep elf master archer (Elf:3)
  A tengu reaver (Depths:5)
  2 stone giants (Depths:5)
  A merfolk javelineer (Depths:5)
  A merfolk aquamancer (Shoals:4)
  A deep elf knight (Elf:3)
  A shadow wraith (Vaults:5)
  A sea snake (Shoals:4)
  A deep elf archer (Vaults:2)
  2 deep elf magi (Elf:2)
  A faun (Shoals:3)
  A cyclops (Orc:2)
  2 yaktaurs
  An orc warrior (D:6)
  A boggart (Depths:3)
  An ogre (Vaults:4)
  2 wights
  2 orcs
  A goblin (D:2)
  4 kobolds
  8 fungi
  30 plants
  6 starspawn tentacles (Depths:4)
  16 tentacles
88 creatures vanquished.

Grand Total: 3014 creatures vanquished

Notes
Turn   | Place    | Note
-------+----------+-------------------------------------------
     0 | D:1      | Ijustatesigmund the Hill Orc Fighter began the quest for
                  | the Orb.
     0 | D:1      | Reached XP level 1. HP: 19/19 MP: 1/1
    84 | D:1      | Reached XP level 2. HP: 27/27 MP: 2/2
   416 | D:1      | Reached XP level 3. HP: 33/33 MP: 3/3
   812 | D:2      | Found a shattered altar of Ashenzari.
  1888 | D:3      | Reached skill level 5 in Axes
  1888 | D:3      | Reached XP level 4. HP: 39/41 MP: 4/4
  2264 | D:3      | Noticed Robin
  2691 | D:3      | Reached XP level 5. HP: 40/47 MP: 5/5
  2928 | D:3      | Found a runed translucent gate.
  2928 | D:3      | Found a runed translucent gate.
  2928 | D:3      | Found a runed translucent gate.
  2931 | D:3      | Noticed Karim's ghost (amateur OgAs)
  3004 | D:3      | Killed Robin
  3148 | D:3      | Noticed Natasha
  3155 | D:3      | Killed Natasha
  3155 | D:3      | Reached skill level 5 in Fighting
  3341 | D:4      | Found a transporter.
  3365 | D:4      | Found a transporter.
  3387 | D:4      | Reached XP level 6. HP: 25/56 MP: 6/6
  3783 | D:4      | HP: 4/84 [ogre/+0 giant spiked club (5)]
  3784 | D:4      | Gained mutation: You are dopey. (Int -2) [potion of
                  | mutation]
  3784 | D:4      | Gained mutation: You have a somewhat thin skeletal
                  | structure. (Dex +2, Stealth) [potion of mutation]
  3784 | D:4      | Gained mutation: You evolve. [potion of mutation]
  3857 | D:4      | Reached XP level 7. HP: 26/63 MP: 7/7
  4062 | D:4      | Found a white marble altar of Elyvilon.
  4341 | D:5      | Entered Level 5 of the Dungeon
  4513 | D:5      | Found a bloodstained altar of Trog.
  4606 | D:5      | Lost mutation: You are dopey. (Int -2) [evolution]
  4624 | D:5      | Found a shimmering altar of Xom.
  4977 | D:5      | Reached skill level 5 in Armour
  4977 | D:5      | Reached XP level 8. HP: 73/73 MP: 8/8
  5160 | D:3      | Killed Karim's ghost
  5555 | D:6      | Found a runed translucent gate.
  5556 | D:6      | Noticed Uhlv's ghost (amateur KoAK)
  5559 | D:6      | Noticed Esekla's ghost (novice SpSk)
  5794 | D:6      | Found a runed translucent gate.
  5795 | D:6      | Found a runed translucent gate.
  5979 | D:6      | Found a staircase to the Ecumenical Temple.
  5985 | Temple   | Entered the Ecumenical Temple
  6262 | D:7      | Reached skill level 10 in Axes
  6262 | D:7      | Reached XP level 9. HP: 79/82 MP: 9/9
  6433 | D:7      | Found a runed translucent door.
  6433 | D:7      | Found a runed translucent door.
  6480 | D:7      | Killed an unseen horror
  6480 | D:7      | Reached skill level 10 in Fighting
  6485 | D:7      | Reached XP level 10. HP: 51/93 MP: 10/10
  6739 | D:7      | Got a jewelled great sword
  6741 | D:7      | Identified the +11 great sword of Arbitration {drain, rF+
                  | MR+} (You found it on level 7 of the Dungeon)
  6866 | D:7      | Lost mutation: You evolve. [end of evolution]
  7255 | D:6      | Killed Esekla's ghost
  7265 | D:6      | Killed Uhlv's ghost
  7417 | D:8      | Found a viscous altar of Jiyva.
  7500 | D:8      | Noticed a two-headed ogre
  7504 | D:8      | Killed a two-headed ogre
  7504 | D:8      | Reached skill level 1 in Dodging
  7583 | D:8      | Found a shattered altar of Ashenzari.
  8510 | D:9      | Noticed poirepourri's ghost (novice DDFi)
  8541 | D:9      | Noticed Harold
  8552 | D:9      | Killed Harold
  8552 | D:9      | Reached XP level 11. HP: 100/104 MP: 11/11
  8601 | D:9      | Noticed a two-headed ogre
  8613 | D:9      | Killed a two-headed ogre
  8644 | D:9      | Noticed Maurice
  8674 | D:9      | Killed Maurice
  8681 | D:9      | Found an iron altar of Okawaru.
  8774 | D:9      | Became a worshipper of Warmaster Okawaru
  8813 | D:9      | Found a runed translucent gate.
  8813 | D:9      | Found a runed translucent gate.
  8813 | D:9      | Found a runed translucent gate.
  8830 | D:9      | Reached skill level 1 in Invocations
  8863 | D:9      | Killed poirepourri's ghost
  8863 | D:9      | Reached skill level 2 in Invocations
  8866 | D:9      | Reached * piety under Okawaru
  8866 | D:9      | Reached skill level 3 in Invocations
  8881 | D:9      | Got the ring of Xom's Favour {Fire}
  8883 | D:9      | Identified the ring of Xom's Favour {Fire MP+9 Dex+4} (You
                  | found it on level 9 of the Dungeon)
  9190 | D:10     | Entered Level 10 of the Dungeon
  9287 | D:10     | Reached skill level 4 in Invocations
  9294 | D:10     | Noticed a two-headed ogre
  9297 | D:10     | Killed a two-headed ogre
  9300 | D:10     | Reached skill level 5 in Invocations
 10229 | D:11     | Found a staircase to the Orcish Mines.
 10242 | D:11     | Noticed a two-headed ogre
 10244 | D:11     | Reached skill level 15 in Axes
 10246 | D:11     | Reached ** piety under Okawaru
 10246 | D:11     | Reached skill level 6 in Invocations
 10256 | D:10     | Killed a two-headed ogre
 10465 | D:11     | Reached skill level 7 in Invocations
 10553 | D:11     | Reached XP level 12. HP: 112/112 MP: 17/17
 10572 | D:11     | Reached *** piety under Okawaru
 10580 | D:11     | Identified 2 scrolls of acquirement
 10934 | D:11     | Reached skill level 8 in Invocations
 11057 | D:11     | Noticed a seven-headed hydra
 11069 | D:11     | Killed a seven-headed hydra
 11205 | D:11     | Reached skill level 9 in Invocations
 11250 | D:11     | Found a deep blue altar of Sif Muna.
 11379 | D:11     | Found a staircase to the Lair.
 11510 | Orc:1    | Entered Level 1 of the Orcish Mines
 11561 | Orc:1    | Reached **** piety under Okawaru
 11675 | Orc:1    | Noticed an ettin
 11684 | Orc:1    | Killed an ettin
 12014 | Orc:1    | Reached skill level 10 in Invocations
 12248 | Lair:1   | Entered Level 1 of the Lair of Beasts
 12286 | Lair:1   | Noticed a seven-headed hydra
 12615 | D:12     | Reached ***** piety under Okawaru
 12770 | D:12     | Reached skill level 11 in Invocations
 12852 | D:12     | Noticed a sun demon
 13605 | D:13     | Noticed a two-headed ogre
 13616 | D:13     | Killed a two-headed ogre
 13616 | D:13     | Received a gift from Okawaru
 13656 | D:13     | Found a stormy altar of Qazlal.
 13677 | D:13     | Reached XP level 13. HP: 92/117 MP: 7/21
 13699 | D:13     | Noticed a vault guard
 13699 | D:13     | Noticed a vault guard
 13699 | D:13     | Noticed a vault guard
 13701 | D:13     | Found a gate to the Vaults.
 13701 | D:13     | Noticed a vault guard
 13701 | D:13     | Noticed a vault guard
 13701 | D:13     | Noticed a vault guard
 13701 | D:13     | Noticed a vault guard
 13703 | D:13     | Noticed a vault guard
 13712 | D:13     | Killed a vault guard
 13718 | D:13     | Killed a vault guard
 13718 | D:13     | Reached skill level 5 in Shields
 13718 | D:13     | Reached skill level 12 in Invocations
 13722 | D:13     | Killed a vault guard
 13734 | D:13     | Killed a vault guard
 13742 | D:13     | Killed a vault guard
 13748 | D:13     | Killed a vault guard
 13762 | D:13     | Killed a vault guard
 13762 | D:13     | Received a gift from Okawaru
 13775 | D:13     | Killed a vault guard
 14213 | D:13     | Found a flagged portal.
 14222 | Bailey   | Entered a bailey
 14253 | Bailey   | Noticed an orc warlord
 14304 | Bailey   | Reached skill level 13 in Invocations
 14392 | Bailey   | Found a runed translucent gate.
 14393 | Bailey   | Found a runed translucent gate.
 14394 | Bailey   | Found a runed translucent gate.
 14532 | Bailey   | Killed an orc warlord
 14605 | Bailey   | Got a smoking cloak
 14611 | Bailey   | Identified the +0 cloak of Grace {rElec rN+ Regen+} (You
                  | acquired it in a bailey)
 14612 | Bailey   | Reached XP level 14. HP: 120/126 MP: 7/23
 15670 | Lair:2   | Found an opulent altar of Gozag.
 16215 | Lair:2   | Reached XP level 15. HP: 131/137 MP: 8/24
 16612 | Lair:3   | Found a staircase to the Shoals.
 16655 | Lair:3   | Received a gift from Okawaru
 16692 | Lair:3   | You fall through a shaft!
 16857 | Lair:4   | Reached skill level 15 in Fighting
 17226 | Lair:4   | Found a hole to the Spider Nest.
 17326 | Lair:4   | You fall through a shaft for 2 floors!
 17326 | Lair:6   | Entered Level 6 of the Lair of Beasts
 17339 | Lair:6   | Received a gift from Okawaru
 18584 | Lair:6   | Found a staircase to the Slime Pits.
 18634 | Lair:6   | Found a hide-covered altar of Uskayaw.
 18969 | Lair:6   | Got an ancient tin ring
 19043 | Lair:6   | Identified the ring "Cedu" {*Drain Str+4 Int+4 Stlth+} (You
                  | found it on level 6 of the Lair of Beasts)
 19301 | Lair:6   | Paralysed by a hornet for 2 turns
 19311 | Lair:6   | Reached skill level 10 in Armour
 19312 | Lair:6   | Received a gift from Okawaru
 19312 | Lair:6   | Reached skill level 5 in Dodging
 19659 | Lair:6   | Found a snail-covered altar of Cheibriados.
 19781 | Lair:6   | Found a runed translucent door.
 19883 | Lair:6   | Paralysed by a hornet for 1 turns
 19888 | Lair:6   | Reached XP level 16. HP: 68/151 MP: 6/25
 20172 | Lair:6   | Received a gift from Okawaru
 20473 | Orc:2    | Entered Level 2 of the Orcish Mines
 20854 | Orc:2    | Found a staircase to the Elven Halls.
 20865 | Orc:2    | Found Yssipoogoa's General Store.
 20897 | Orc:2    | Bought a scroll of blinking for 82 gold pieces
 20897 | Orc:2    | Bought a scroll of identify for 22 gold pieces
 20897 | Orc:2    | Bought a wand of clouds (8) for 396 gold pieces
 20930 | Orc:2    | Found Ihiol's Jewellery Shoppe.
 21011 | Orc:2    | Found Fynec's Antique Weapon Shoppe.
 21143 | Orc:2    | Found a bloodstained altar of Trog.
 21166 | Orc:2    | Found Gyeplyud's Antique Armour Emporium.
 22006 | Orc:2    | Bought a ring of the Octopus King {AC+1 EV+1 Str+1 Int+1
                  | Dex+1 Stlth+} for 588 gold pieces
 22006 | Orc:2    | Found the ring of the Octopus King {AC+1 EV+1 Str+1 Int+1
                  | Dex+1 Stlth+}
 22342 | D:13     | Noticed Nessos
 22358 | D:13     | Killed Nessos
 22832 | D:14     | Received a gift from Okawaru
 22999 | D:14     | Got a polished broad axe
 23000 | D:14     | Identified the +11 broad axe of Integrity {speed, *Drain
                  | rPois MR+} (You acquired it on level 14 of the Dungeon)
 23394 | D:14     | Found a shattered altar of Ashenzari.
 23447 | D:14     | Reached skill level 14 in Invocations
 23465 | D:14     | Reached ****** piety under Okawaru
 23712 | D:15     | Entered Level 15 of the Dungeon
 23712 | D:15     | Noticed Joseph
 23721 | D:15     | Killed Joseph
 24235 | D:15     | Found Cuwn's Food Boutique.
 24256 | D:15     | Received a gift from Okawaru
 24336 | D:15     | Found a staircase to the Depths.
 24363 | Depths:1 | Entered Level 1 of the Depths
 24363 | Depths:1 | Found a gateway to a ziggurat.
 24372 | Depths:1 | Reached XP level 17. HP: 154/158 MP: 27/27
 24443 | Depths:1 | Found an ancient bone altar of Kikubaaqudgha.
 24443 | Depths:1 | Noticed a lich
 24448 | Depths:1 | Killed a lich
 24779 | Depths:1 | Received a gift from Okawaru
 24855 | Depths:1 | Reached skill level 15 in Invocations
 24856 | Depths:1 | Reached skill level 10 in Shields
 24871 | Depths:1 | Paralysed by something for 7 turns
 24936 | Depths:1 | Found a runed translucent gate.
 24936 | Depths:1 | Found a runed translucent gate.
 24936 | Depths:1 | Found a runed translucent gate.
 25089 | Depths:1 | Identified the ring of Awe {Fire *Contam +Blink Int+3
                  | Stlth+}
 25372 | Spider:1 | Entered Level 1 of the Spider Nest
 25487 | Spider:1 | Found a runed translucent gate.
 25488 | Spider:1 | Found a runed translucent gate.
 25488 | Spider:1 | Found a runed translucent gate.
 25497 | Spider:1 | Noticed MirrMurr's ghost (journeyman SpEn)
 25707 | Spider:1 | Killed MirrMurr's ghost
 25916 | Spider:1 | Identified the +2 hat "Polierim" {+Fly rF- Regen+} (You
                  | found it on level 1 of the Spider Nest)
 26097 | Spider:2 | Received a gift from Okawaru
 26406 | Spider:2 | Noticed Kirke
 26417 | Spider:2 | Killed Kirke
 26485 | Spider:2 | Reached XP level 18. HP: 161/161 MP: 29/29
 26640 | Spider:2 | Reached skill level 16 in Invocations
 26650 | Spider:2 | You fall through a shaft!
 27406 | Spider:3 | Noticed Arachne
 27444 | Spider:3 | Killed Arachne
 27587 | Spider:3 | Reached skill level 10 in Dodging
 27628 | Spider:3 | Found a large runed translucent door.
 27629 | Spider:3 | Found a large runed translucent door.
 27635 | Spider:3 | Noticed Kan Jonn's ghost (adept HOFi)
 27852 | Spider:3 | Killed Kan Jonn's ghost
 27886 | Spider:4 | Entered Level 4 of the Spider Nest
 28117 | Spider:4 | Received a gift from Okawaru
 28123 | Spider:4 | Identified a +1 pair of boots of running (Okawaru gifted it
                  | to you on level 4 of the Spider Nest)
 28519 | Spider:4 | Reached skill level 17 in Invocations
 29067 | Spider:4 | Got a gossamer rune of Zot
 29286 | Shoals:1 | Entered Level 1 of the Shoals
 29582 | Shoals:1 | Found Tuipeh's Armour Emporium.
 29845 | Shoals:2 | Received a gift from Okawaru
 29854 | Shoals:2 | Identified the +2 troll leather armour "Ehytoelu" {rC-
                  | Regen+ Dex+4 Stlth+} (Okawaru gifted it to you on level 2
                  | of the Shoals)
 30000 | Shoals:2 | Reached XP level 19. HP: 159/174 MP: 31/31
 30246 | Shoals:2 | Found Satur's Assorted Antiques.
 30284 | Shoals:2 | Bought an encrusted buckler for 294 gold pieces
 30284 | Shoals:2 | Identified the +2 buckler "Mezxav" {rC+ MR+++ Dex-3} (You
                  | bought it in a shop on level 2 of the Shoals)
 30807 | Shoals:3 | Found Lunafrach's Antique Armour Emporium.
 30815 | Shoals:3 | Bought a scorched buckler for 247 gold pieces
 30815 | Shoals:3 | Bought a crude cloak for 247 gold pieces
 30825 | Shoals:3 | Identified the +3 buckler "Duse" {rF++ Int+2} (You bought
                  | it in a shop on level 3 of the Shoals)
 30836 | Shoals:3 | Identified the +0 cloak "Senomi" {*Contam rN+++ Regen+
                  | Stlth-} (You bought it in a shop on level 3 of the Shoals)
 30843 | Shoals:3 | Gained mutation: You are partially covered in thin metallic
                  | scales. (AC +2) [mutagenic glow]
 31003 | Shoals:3 | Found Xahac's Jewellery Emporium.
 31154 | Shoals:3 | Noticed Ilsuiw
 31179 | Shoals:3 | Killed Ilsuiw
 31179 | Shoals:3 | Reached skill level 1 in Evocations
 31408 | Shoals:4 | Entered Level 4 of the Shoals
 31577 | Shoals:4 | Got a barnacled rune of Zot
 31770 | Shoals:4 | Identified the +6 chain mail of Lutoydus {rC++ Str+3} (You
                  | found it on level 4 of the Shoals)
 31858 | Shoals:4 | Received a gift from Okawaru
 31858 | Shoals:4 | Reached skill level 5 in Evocations
 31882 | Shoals:4 | Identified the +0 chain mail of the Bells {rC+ Str-2 Int+3
                  | Dex+2} (Okawaru gifted it to you on level 4 of the Shoals)
 31914 | Shoals:4 | Identified the +7 whip "Hosk" {slash, rElec rN++ Int-5
                  | Stlth+}
 33014 | Vaults:1 | Entered Level 1 of the Vaults
 33014 | Vaults:1 | Found Jimn's Distillery.
 33287 | Shoals:1 | Bought the +6 chain mail of Altruism {+Blink Str-3 Int+4
                  | Slay+2} for 826 gold pieces
 33614 | Vaults:1 | Found a snail-covered altar of Cheibriados.
 34019 | Vaults:1 | Reached XP level 20. HP: 191/191 MP: 32/32
 34264 | Vaults:1 | Received a gift from Okawaru
 34280 | Vaults:1 | Identified the +4 troll leather armour "Ugraf" {Regen+
                  | Str+6 Dex-2} (Okawaru gifted it to you on level 1 of the
                  | Vaults)
 35467 | Vaults:2 | Found Kergh's Distillery.
 35493 | Vaults:2 | Bought a potion of might for 48 gold pieces
 35493 | Vaults:2 | Bought a potion of haste for 120 gold pieces
 35493 | Vaults:2 | Bought a potion of haste for 120 gold pieces
 35493 | Vaults:2 | Bought a potion of haste for 120 gold pieces
 35493 | Vaults:2 | Bought a potion of might for 48 gold pieces
 35601 | Vaults:2 | Found a staircase to the Crypt.
 35616 | Vaults:2 | Reached skill level 10 in Evocations
 35642 | Vaults:2 | Received a gift from Okawaru
 35831 | Vaults:2 | Got a spiked plate armour
 35848 | Vaults:2 | Identified the +7 plate armour of Amorality {Str+3} (You
                  | acquired it on level 2 of the Vaults)
 35995 | Vaults:2 | Received a gift from Okawaru
 36011 | Vaults:2 | Reached skill level 18 in Invocations
 36023 | Vaults:2 | Reached XP level 21. HP: 104/202 MP: 28/34
 36184 | Vaults:2 | Identified the Reference Book on Weightlessness and
                  | Dislocation
 36313 | Vaults:2 | Got a translucent pewter ring
 36315 | Vaults:2 | Identified the ring of Pizxuder {Dex+3 Stlth-} (You found
                  | it on level 2 of the Vaults)
 36650 | Vaults:3 | Found Quryez's Distillery.
 36910 | Vaults:3 | Reached skill level 19 in Invocations
 36992 | Vaults:3 | Received a gift from Okawaru
 37149 | Vaults:3 | You fall through a shaft!
 37309 | Vaults:4 | Received a gift from Okawaru
 37316 | Vaults:4 | Got a steaming broad axe {god gift}
 37333 | Vaults:4 | Reached skill level 20 in Invocations
 37487 | Vaults:3 | Found Pagru's Distillery.
 37741 | Vaults:3 | Found Obohul's Jewellery Shoppe.
 37747 | Vaults:3 | Upgraded the game from 0.23.0-2-g0fe3ce5 to
                  | 0.23.0-3-gf3c87f2
 38595 | Vaults:4 | Reached XP level 22. HP: 211/211 MP: 36/36
 38618 | Vaults:4 | Received a gift from Okawaru
 39484 | Elf:1    | Entered Level 1 of the Elven Halls
 39573 | Elf:1    | Learned a level 1 spell: Apportation
 39576 | Elf:1    | Learned a level 2 spell: Blink
 39658 | Elf:1    | Found a radiant altar of Vehumet.
 39914 | Elf:1    | Reached skill level 1 in Translocations
 40399 | Elf:2    | Identified the +6 broad axe of Conversion {holy, rF- rN+
                  | MR+} (Okawaru gifted it to you on level 4 of the Vaults)
 40575 | Elf:2    | Reached skill level 5 in Translocations
 40663 | Elf:2    | Received a gift from Okawaru
 40703 | Elf:2    | Found a large runed translucent door.
 40703 | Elf:2    | Found a large runed translucent door.
 40727 | Elf:2    | Found a large runed translucent door.
 40727 | Elf:2    | Found a large runed translucent door.
 40999 | Elf:2    | Noticed Louise
 41016 | Elf:2    | Cast into level 3 of the Abyss (Louise)
 41083 | Elf:2    | Escaped the Abyss
 41088 | Elf:2    | Killed Louise
 41397 | Elf:3    | Entered Level 3 of the Elven Halls
 41529 | Elf:3    | Noticed Donald
 41537 | Elf:3    | Killed Donald
 41726 | Elf:3    | Noticed Roxanne
 41745 | Elf:3    | Killed Roxanne
 41787 | Elf:3    | Found Reycwu's Book Boutique.
 41998 | Elf:3    | Received a gift from Okawaru
 42011 | Elf:3    | Reached XP level 23. HP: 126/217 MP: 31/37
 42012 | Elf:3    | Reached skill level 10 in Translocations
 42441 | Elf:3    | Got a glittering steel ring
 42450 | Elf:3    | Got a translucent cloak
 42451 | Elf:3    | Identified the cursed +0 cloak "Pivoj" {rF+ rC+ Str-2
                  | Int+2} (You found it on level 3 of the Elven Halls)
 42456 | Elf:3    | Identified the ring of the Blind Eye {rC- EV+3 Int+5} (You
                  | found it on level 3 of the Elven Halls)
 42525 | Elf:3    | Identified the +1 plate armour of Submission {MR++} (You
                  | found it on level 3 of the Elven Halls)
 42557 | Elf:3    | Got a glittering platinum ring
 42559 | Elf:3    | Identified the ring of the Chupacabra {rPois rF- MR+ Str+6
                  | Stlth-} (You found it on level 3 of the Elven Halls)
 42961 | Depths:1 | Reached skill level 15 in Armour
 43107 | Depths:1 | Received a gift from Okawaru
 43188 | Depths:1 | Found a gateway to Hell.
 43272 | Depths:1 | Noticed Viocziel's ghost (adept TrMo)
 43547 | Depths:1 | Found a one-way gate leading to the halls of Pandemonium.
 43617 | Pan      | Entered Pandemonium
 43747 | Pan      | Found a runed translucent door.
 43758 | Pan      | Found a runed translucent door.
 43766 | Pan      | Got a slimy chain mail
 43771 | Pan      | Found a runed translucent door.
 43897 | Pan      | Noticed Mennas
 43956 | Pan      | Killed Mennas
 44118 | Pan      | Identified the +8 glaive of Breach {speed, *Drain Str+5
                  | SInv}
 44709 | Pan      | Identified Sif Muna's Almanac of the Feathery Entourage
 44711 | Pan      | Found an exit through the horrors of the Abyss.
 44739 | Pan      | Took an exit into the Abyss.
 44739 | Abyss:1  | Escaped into the Abyss
 44743 | Abyss:1  | Found a corrupted altar of Lugonu.
 44750 | Depths:1 | Escaped the Abyss
 45367 | Depths:1 | Received a gift from Okawaru
 45380 | Depths:1 | Killed Viocziel's ghost
 45415 | Depths:1 | Reached XP level 24. HP: 216/225 MP: 35/37
 45451 | Depths:1 | Identified the cursed +0 chain mail "Juipuwn" {Int+5} (You
                  | found it in Pandemonium)
 45466 | Depths:1 | Got a clouded tin ring
 45468 | Depths:1 | Identified the ring "Hemeant" {Dex+2 Stlth-} (You found it
                  | on level 1 of the Depths)
 45630 | Depths:2 | Found Buler's Weapon Emporium.
 45639 | Depths:2 | Found Oqaupt's Food Shoppe.
 45640 | Depths:2 | Found Hidoobb's Weapon Emporium.
 45985 | Depths:2 | Identified the +1 pair of gloves of Too Many Cooks {rPois
                  | Dex-2 Slay+3} (You acquired it on level 2 of the Depths)
 46115 | Depths:2 | Noticed a caustic shrike
 46128 | Depths:2 | Killed a caustic shrike
 46897 | Depths:3 | Received a gift from Okawaru
 48144 | Depths:4 | Found a transporter.
 48146 | Depths:4 | Found a transporter.
 48148 | Depths:4 | Found a corrupted altar of Lugonu.
 48172 | Depths:4 | Received a gift from Okawaru
 48231 | Depths:4 | Got a translucent marble ring
 48233 | Depths:4 | Identified the ring of Wairreass {rElec MR+ Dex+8} (You
                  | found it on level 4 of the Depths)
 48345 | Depths:4 | You fall through a shaft!
 48345 | Depths:5 | Entered Level 5 of the Depths
 48406 | Depths:4 | Found a one-way gate to the infinite horrors of the Abyss.
 48987 | Depths:5 | Reached XP level 25. HP: 196/233 MP: 37/37
 49005 | Depths:5 | Received a gift from Okawaru
 49102 | Depths:5 | Noticed a juggernaut
 49114 | Depths:5 | Killed a juggernaut
 49346 | Depths:5 | Identified the Catalogue of Black Arts
 49438 | Depths:5 | Noticed a juggernaut
 49458 | Depths:5 | Killed a juggernaut
 49458 | Depths:5 | Noticed an ancient lich
 49477 | Depths:5 | Killed an ancient lich
 49567 | Depths:5 | Found the +6 shillelagh "Devastator" {shatter}
 49637 | Depths:5 | Noticed Boris
 49658 | Depths:5 | Killed Boris
 49723 | Depths:5 | Found Curcheiwul's Antique Weapon Shop.
 49740 | Depths:5 | Noticed a juggernaut
 49741 | Depths:5 | Noticed Sojobo
 49756 | Depths:5 | Killed a juggernaut
 49756 | Depths:5 | Reached skill level 15 in Dodging
 49794 | Depths:5 | Received a gift from Okawaru
 50037 | Depths:5 | Killed Sojobo
 50282 | Depths:5 | Received a gift from Okawaru
 50372 | Hell     | Entered the Vestibule of Hell
 50381 | Hell     | Noticed Geryon
 50622 | Hell     | Killed Geryon
 50979 | Hell     | Found a gateway to the Iron City of Dis.
 51006 | Dis:1    | Entered Level 1 of the Iron City of Dis
 51224 | Dis:1    | Reached XP level 26. HP: 98/239 MP: 37/37
 51747 | Hell     | Found a gateway to the ashen valley of Gehenna.
 51918 | Geh:1    | Entered Level 1 of Gehenna
 52244 | Geh:4    | Received a gift from Okawaru
 52689 | Geh:6    | Received a gift from Okawaru
 52690 | Geh:6    | Found the +7 Kryia's mail coat {PotionHeal*2 rC+}
 52708 | Geh:6    | Gained mutation: You are occasionally teleported next to
                  | monsters. [mutagenic glow]
 52824 | Geh:6    | Reached skill level 21 in Invocations
 52978 | Geh:7    | Entered Level 7 of Gehenna
 53134 | Hell     | Found a gateway to the decaying netherworld of Tartarus.
 53143 | Tar:1    | Entered Level 1 of Tartarus
 53342 | Hell     | Found a gateway to the freezing wastes of Cocytus.
 53366 | Coc:1    | Entered Level 1 of Cocytus
 53562 | Depths:5 | Identified the ring "Idourgh" {Fire -Tele rElec Int+3} (You
                  | found it on level 5 of the Depths)
 53815 | Depths:5 | Found a gate to the Realm of Zot.
 53954 | Depths:5 | Lost mutation: You are occasionally teleported next to
                  | monsters. [potion of mutation]
 53954 | Depths:5 | Lost mutation: You are partially covered in thin metallic
                  | scales. (AC +2) [potion of mutation]
 53954 | Depths:5 | Gained mutation: You possess an exceptional clarity of
                  | mind. [potion of mutation]
 54400 | Vaults:5 | Entered Level 5 of the Vaults
 54413 | Vaults:5 | Reached XP level 27. HP: 226/243 MP: 32/37
 54413 | Vaults:5 | Received a gift from Okawaru
 54413 | Vaults:5 | Reached skill level 22 in Invocations
 54414 | Vaults:5 | Noticed Boris
 54446 | Vaults:5 | Killed Boris
 54755 | Vaults:5 | Found Hittoalot's Distillery.
 54764 | Vaults:5 | Received a gift from Okawaru
 54814 | Vaults:5 | Bought a potion of cancellation for 96 gold pieces
 54814 | Vaults:5 | Bought a potion of berserk rage for 60 gold pieces
 54814 | Vaults:5 | Bought a potion of curing for 36 gold pieces
 54814 | Vaults:5 | Bought a potion of brilliance for 48 gold pieces
 54814 | Vaults:5 | Bought a potion of heal wounds for 60 gold pieces
 54814 | Vaults:5 | Bought a potion of berserk rage for 60 gold pieces
 54814 | Vaults:5 | Bought a potion of cancellation for 96 gold pieces
 54814 | Vaults:5 | Bought a potion of curing for 36 gold pieces
 54814 | Vaults:5 | Identified the Handbook of Self-Improvement and Creation
 54820 | Vaults:5 | Learned a level 3 spell: Lesser Beckoning
 54868 | Vaults:5 | Paralysed by a lich for 3 turns
 54980 | Vaults:5 | Got a silver rune of Zot
 55091 | Vaults:5 | Noticed an ancient lich
 55108 | Vaults:5 | Reached skill level 23 in Invocations
 55116 | Vaults:5 | Killed an ancient lich
 55369 | Vaults:5 | Received a gift from Okawaru
 55481 | Vaults:5 | Found Maxaa's Antique Armour Shoppe.
 55481 | Vaults:5 | Found Buhin's Jewellery Shoppe.
 55490 | Vaults:5 | Bought a shimmering chain mail for 399 gold pieces
 55494 | Vaults:5 | Bought the ring of Kokelaol {rCorr rC+ MR+} for 712 gold
                  | pieces
 55494 | Vaults:5 | Bought the ring of Light {rPois Str+5 Int+6 SInv} for 887
                  | gold pieces
 55506 | Vaults:5 | Bought a +4 amulet of reflection for 486 gold pieces
 55655 | Vaults:5 | Reached skill level 24 in Invocations
 56390 | Slime:1  | Entered Level 1 of the Pits of Slime
 56507 | Slime:3  | Noticed Dissolution
 56521 | Slime:3  | Killed Dissolution
 56778 | Slime:5  | Entered Level 5 of the Pits of Slime
 57072 | Slime:5  | Reached skill level 25 in Invocations
 57088 | Slime:5  | Noticed the Royal Jelly
 57293 | Slime:5  | Gained mutation: Armour fits poorly on your strangely
                  | shaped body. [a shining eye]
 57318 | Slime:5  | Killed the Royal Jelly
 57318 | Slime:5  | Received a gift from Okawaru
 57546 | Slime:5  | Found the +4 robe of Augmentation {Str+4 Int+4 Dex+4}
 57581 | Slime:5  | Got a shimmering brass amulet
 57582 | Slime:5  | Identified the amulet "Hoitt" {Reflect MP+9 Dex+7 SH+2}
                  | (You found it on level 5 of the Pits of Slime)
 57586 | Slime:5  | Identified Sif Muna's Disquisition on Harmful
                  | Weightlessness
 57664 | Slime:5  | Got a slimy rune of Zot
 57695 | Slime:5  | Lost mutation: Armour fits poorly on your strangely shaped
                  | body. [potion of mutation]
 57695 | Slime:5  | Lost mutation: You possess an exceptional clarity of mind.
                  | [potion of mutation]
 57695 | Slime:5  | Gained mutation: Your magical capacity is low. (-10% MP)
                  | [potion of mutation]
 57695 | Slime:5  | Gained mutation: You are dopey. (Int -2) [potion of
                  | mutation]
 57695 | Slime:5  | Gained mutation: You are partially covered in rugged brown
                  | scales. (AC +1, +3% HP) [potion of mutation]
 58419 | Zot:1    | Entered Level 1 of the Realm of Zot
 59238 | Zot:2    | Received a gift from Okawaru
 59577 | Zot:2    | Received a gift from Okawaru
 60140 | Zot:3    | Received a gift from Okawaru
 60785 | Zot:3    | Found a runed translucent gate.
 60785 | Zot:3    | Found a runed translucent gate.
 60785 | Zot:3    | Found a runed translucent gate.
 60927 | Zot:3    | Noticed wilo's ghost (master MfBe)
 60980 | Zot:3    | Killed wilo's ghost
 61250 | Zot:4    | Reached skill level 15 in Evocations
 61664 | Zot:4    | Received a gift from Okawaru
 61677 | Zot:5    | Entered Level 5 of the Realm of Zot
 61910 | Zot:4    | Identified the +1 hat "Ytoum" {MR+} (Okawaru gifted it to
                  | you on level 4 of the Realm of Zot)
 62523 | Zot:5    | Noticed an ancient lich
 62539 | Zot:5    | Killed an ancient lich
 62615 | Zot:5    | Identified the +2 hat of Death's Door {Str+2} (You acquired
                  | it on level 5 of the Realm of Zot)
 62628 | Zot:5    | Noticed an orb of fire
 62630 | Zot:5    | Gained mutation: Scrolls take you a little longer to read.
                  | [an orb of fire]
 62672 | Zot:5    | Noticed an ancient lich
 62677 | Zot:5    | Noticed an ancient lich
 62683 | Zot:5    | Received a gift from Okawaru
 62689 | Zot:5    | Killed an ancient lich
 62702 | Zot:5    | Killed an ancient lich
 62724 | Zot:5    | Noticed an orb of fire
 62733 | Zot:5    | Noticed an ancient lich
 62768 | Zot:5    | Killed an ancient lich
 62802 | Zot:5    | Noticed an orb of fire
 62822 | Zot:5    | Gained mutation: You are frail. (-10% HP) [an orb of fire]
 62825 | Zot:5    | Killed an orb of fire
 62825 | Zot:5    | Received a gift from Okawaru
 62909 | Zot:5    | Noticed an orb of fire
 62939 | Zot:5    | Gained mutation: Your body sometimes deteriorates upon
                  | taking damage. [an orb of fire]
 62951 | Zot:5    | Killed an orb of fire
 62956 | Zot:5    | Noticed an orb of fire
 62956 | Zot:5    | Gained mutation: You do not regenerate when monsters are
                  | visible. [an orb of fire]
 62993 | Zot:5    | Gained mutation: You are very dopey. (Int -4) [an orb of
                  | fire]
 62997 | Zot:5    | Received a gift from Okawaru
 63004 | Zot:5    | Killed an orb of fire
 63005 | Zot:5    | Noticed an orb of fire
 63019 | Zot:5    | Gained mutation: You occasionally shout uncontrollably at
                  | your foes. [an orb of fire]
 63040 | Zot:5    | Killed an orb of fire
 63044 | Zot:5    | Killed an orb of fire
 63061 | Zot:5    | Identified the +1 chain mail "Wufy" {Dex+5 Slay-4} (Okawaru
                  | gifted it to you on level 5 of the Realm of Zot)
 63178 | Zot:5    | Gained mutation: You sometimes yell uncontrollably at your
                  | foes. [an orb of fire]
 63184 | Zot:5    | Gained mutation: Armour fits poorly on your strangely
                  | shaped body. [an orb of fire]
 63187 | Zot:5    | Killed an orb of fire
 63230 | Zot:5    | Lost mutation: Your magical capacity is low. (-10% MP)
                  | [potion of mutation]
 63230 | Zot:5    | Lost mutation: You are frail. (-10% HP) [potion of
                  | mutation]
 63230 | Zot:5    | Gained mutation: Scrolls take you longer to read. [potion
                  | of mutation]
 63230 | Zot:5    | Gained mutation: You have a pair of small horns on your
                  | head. [potion of mutation]
 63230 | Zot:5    | Gained mutation: You are partially covered in molten
                  | scales. (AC +2) [potion of mutation]
 63231 | Zot:5    | Lost mutation: Your body sometimes deteriorates upon taking
                  | damage. [potion of mutation]
 63231 | Zot:5    | Lost mutation: You are very dopey. (Int -4) [potion of
                  | mutation]
 63231 | Zot:5    | Lost mutation: Scrolls take you longer to read. [potion of
                  | mutation]
 63231 | Zot:5    | Lost mutation: Armour fits poorly on your strangely shaped
                  | body. [potion of mutation]
 63231 | Zot:5    | Gained mutation: Your muscles are strong. (Str +2) [potion
                  | of mutation]
 63232 | Zot:5    | Lost mutation: Scrolls take you a little longer to read.
                  | [potion of mutation]
 63232 | Zot:5    | Lost mutation: Your muscles are strong. (Str +2) [potion of
                  | mutation]
 63232 | Zot:5    | Lost mutation: You sometimes yell uncontrollably at your
                  | foes. [potion of mutation]
 63232 | Zot:5    | Lost mutation: You are dopey. (Int -2) [potion of mutation]
 63232 | Zot:5    | Gained mutation: You are robust. (+10% HP) [potion of
                  | mutation]
 63511 | Zot:5    | Got the Orb of Zot
 63653 | Depths:3 | Found a hide-covered altar of Uskayaw.
 63778 | D:15     | Noticed Ecrilotz the pandemonium lord
 63804 | D:15     | Killed Ecrilotz the pandemonium lord
 64041 | D:4      | Noticed Rafasial the pandemonium lord
 64122 | D:$      | Escaped with the Orb!

Skill      XL: |  1  2  3  4  5  6  7  8  9 10 11 12 13 14 15 16 17 18 19 20 21 22 23 24 25 26 27 |
---------------+----------------------------------------------------------------------------------+-----
Axes           | 3 4 5 6 7 8 10 11 13 15 17 18 20 22 | 22.9
Fighting       | 4 5 6 7 8 10 11 12 13 16 19 20 24 | 24.2
Armour         | 5 6 8 9 10 12 13 14 16 18 20 22 | 22.1
Dodging        | 3 4 5 8 9 10 12 14 15 17 21 | 21.3
Invocations    | 7 11 13 14 15 17 18 20 21 25 | 25.7
Shields        | 4 8 9 11 12 | 12.4
Evocations     | 7 10 19 | 19.0
Translocations | 9 11 | 11.4

Action                   |  1- 3 |  4- 6 |  7- 9 | 10-12 | 13-15 | 16-18 | 19-21 | 22-24 | 25-27 || total
-------------------------+-------+-------+-------+-------+-------+-------+-------+-------+-------++-------
Melee: War axe           |   127 |   178 |   253 |   368 |       |       |       |       |       ||   926
       Broad axe         |       |       |       |   222 |   690 |  1402 |  1459 |  1601 |  3640 ||  9014
       Morningstar       |       |       |       |       |    91 |       |       |       |       ||    91
       Executioner's axe |       |       |       |       |    77 |       |       |       |       ||    77
       Headbutt          |       |       |       |       |       |       |       |       |    27 ||    27
Throw: Javelin           |       |       |       |     1 |       |       |       |       |       ||     1
 Cast: Apportation       |       |       |       |       |       |       |       |     1 |     3 ||     4
       Lesser Beckoning  |       |       |       |       |       |       |       |       |    16 ||    16
       Blink             |       |       |       |       |       |       |       |       |     5 ||     5
Invok: Heroism           |       |       |       |       |    16 |    12 |     4 |     6 |    23 ||    61
       Finesse           |       |       |       |       |     3 |     4 |     3 |     3 |    12 ||    25
 Abil: Evoke Flight      |       |       |       |       |       |     1 |       |     1 |     4 ||     6
       Stop Flying       |       |       |       |       |       |       |       |     1 |       ||     1
Evoke: Wand              |       |     2 |    10 |    23 |    22 |     9 |     1 |     7 |    23 ||    97
  Use: Scroll            |    10 |     2 |     4 |    11 |    14 |    26 |     7 |    13 |    34 ||   121
       Potion            |       |     8 |     2 |     2 |     3 |     7 |     1 |     3 |    19 ||    45
 Stab: Sleeping          |       |       |       |     4 |       |     1 |       |       |       ||     5
       Distracted        |       |       |       |     2 |       |     2 |     1 |     2 |     2 ||     9
       Confused          |       |       |       |       |       |     1 |       |       |     3 ||     4
       Held in net/web   |       |       |       |       |       |       |     1 |       |       ||     1
  Eat: Chunk             |     2 |     3 |     6 |     9 |     6 |    11 |    18 |    11 |     2 ||    68
       Ration            |       |     1 |     1 |     5 |     4 |     6 |     3 |     6 |    15 ||    41
Armor: Scale mail        |    48 |       |       |       |       |       |       |       |       ||    48
       Chain mail        |    21 |    76 |   130 |    10 |   355 |   403 |   241 |    11 |   207 ||  1454
       Skin              |       |    27 |       |       |     2 |    10 |       |       |       ||    39
       Animal skin       |       |       |       |   156 |     2 |       |       |     1 |    24 ||   183
       Plate armour      |       |       |       |       |       |       |    87 |   362 |    12 ||   461
       Fire dragon scale |       |       |       |       |       |       |       |       |   540 ||   540
Dodge: Dodged            |    32 |    33 |    37 |   156 |   240 |   380 |   405 |   450 |  1659 ||  3392
Block: Shield            |    71 |   120 |   149 |   262 |   537 |   764 |   116 |       |       ||  2019
       Reflection        |     4 |     1 |     9 |    10 |    40 |    44 |    67 |    52 |    40 ||   267
       Buckler           |       |       |       |       |       |       |   446 |   516 |  1323 ||  2285
